 Dungeon Crawl Stone Soup version 0.29.1-2-gbd0b4ee654 (webtiles) character file.

Game seed: 10276015852953566031

2913 hawla the Frost Mage (level 10, -8/73 HPs)
             Began as a Meteoran Ice Elementalist on Nov 13, 2022.
             Mangled by an orc warrior
             ... wielding a +0 dire flail
              (15 damage)
             ... on level 7 of the Dungeon on Nov 14, 2022.
             The game lasted 00:21:37 (4392 turns).

hawla the Frost Mage (Meteoran Ice Elementalist)    Turns: 4392, Time: 00:21:39

Health: -8/73      AC:  5    Str: 10    XL:     10   Next: 27%
Magic:  10/23      EV: 11    Int: 21    God:
Gold:   574        SH:  0    Dex: 15    Spells: 14/26 levels left

rFire   x . .      SeeInvis .   i - +7 war axe "Haeseg" {elec, rC+}
rCold   + + .      Faith    .   (no shield)
rNeg    . . .      Spirit   .   a - +0 robe
rPois   .          Reflect  .   (no helmet)
rElec   .          Harm     .   (no cloak)
rCorr   .          Rampage  .   g - +1 pair of gloves
Will    ++...      Clarity  +   m - +0 pair of boots
Stlth   +.........              (no amulet)
HPRegen 0.22/turn               o - ring of ice
MPRegen 0.18/turn               (no ring)

@: grasped by roots, glowing, constricted
A: sense surroundings 2, otherworldly, glowing, explore regen, clarity,
strong-willed 1, MP-powered wands
a: no special abilities


You were on level 7 of the Dungeon.
You visited 2 branches of the dungeon, and saw 8 of its levels.
You also visited: Ossuary.

You collected 574 gold pieces.

Inventory:

Hand Weapons
 i - the +7 war axe "Haeseg" (weapon) {elec, rC+}
   (You found it on level 2 of the Dungeon)

   It occasionally discharges a powerful burst of electricity upon striking a
   foe.
   rC:        It protects you from cold.
Armour
 a - a +0 robe (worn)
 e - a +0 cloak
 g - a +1 pair of gloves (worn)
 m - a +0 pair of boots (worn)
Jewellery
 n - a ring of positive energy
 o - a ring of ice (left hand)
Wands
 f - a wand of paralysis (10)
 l - a wand of flame (10) (quivered)
 t - a wand of mindburst (14)
 u - a wand of roots (6)
Scrolls
 k - 3 scrolls of identify
 p - 2 scrolls of noise
 q - 4 scrolls of enchant armour
 r - a scroll of fog {unknown}
 s - a scroll of immolation {unknown}
 v - 3 scrolls of poison
 w - a scroll of acquirement {unknown}
 y - 2 scrolls of teleportation
 z - a scroll of blinking {unknown}
Potions
 b - a potion of magic
 c - a potion of degeneration {unknown}
 d - a potion of haste
 h - a potion of cancellation
 j - 2 potions of curing
 x - a potion of lignification


   Skills:
 + Level 2.1 Fighting
 + Level 4.7 Axes
 + Level 4.6 Dodging
 - Level 1.4 Stealth
 + Level 8.7 Spellcasting
 + Level 6.0 Conjurations
 + Level 4.3 Fire Magic
 + Level 9.0 Ice Magic
 + Level 0.6 Evocations


You had 14 spell levels left.
You knew the following spells:

 Your Spells              Type           Power      Damage    Failure   Level
a - Freeze                Ice            100%       1d11      1%          1
b - Frozen Ramparts       Ice            100%       1d16      1%          3
c - Hailstorm             Conj/Ice       57%        3d12      3%          4
d - Sticky Flame          Conj/Fire      30%        2d5       9%          4

Your spell library contained the following spells:

 Spells                   Type           Power      Damage    Failure   Level
 Ozocubu's Armour         Ice            63%        N/A       1%          3
 Conjure Flame            Conj/Fire      30%        6-21      2%          3
 Ignite Poison            Fire/Tmut/Pois 15%        N/A       12%         3


Dungeon Overview and Level Annotations

Branches:
Dungeon (7/15) Zot: 232    Temple (1/1) D:5 Zot: 299 Ossuary (visited)

Altars:
Ashenzari
Cheibriados
Elyvilon
Fedhas
Gozag
Makhleb
Nemelex Xobeh
Okawaru
Qazlal
Ru
Sif Muna
Trog
Uskayaw
Wu Jian
Xom
Zin

Shops:
D:2 (*(

Annotations:
D:4 1 transporter, cdecastro's ghost, amateur MfTm
D:7 3 transporters, qeuew's ghost, novice DrCj


Innate Abilities, Weirdness & Mutations

You passively map the area around you.
You are easily found by Zot.
You glow in the dark.
You regain HP and MP as you explore.
You possess an exceptional clarity of mind.
You are strong-willed. (Will+)
You expend magic power (3 MP) to strengthen your wands.


Message History

You kill the orc!
Unknown command.
Casting: Sticky Flame (dangerous; 9% risk of failure)
Confirm with . or Enter, or press ? or * to list all spells.
Okay, then.
Aiming: Fastroot
Press: ? - help, Shift-Dir - straight line, f - orc warrior
Aim: an orc warrior, wielding a +0 dire flail, wearing a +0 plate armour and carrying a wand of roots (5)
You feel a surge of power!
The roots erupt in riotous growth!
Roots grab the orc warrior.
Roots grab the orc.
The grasping roots constrict the orc warrior.
The grasping roots constrict the orc.
The orc warrior struggles to escape constriction.
The orc struggles to escape constriction.
The grasping roots constrict the orc warrior.
The grasping roots constrict the orc!
You kill the orc!
The roots release their grip on the orc warrior.
The orc warrior hits you with a +0 dire flail!
You see here a +0 mace.
You hit the orc warrior but do no damage.
The orc warrior is moderately wounded.
The orc warrior hits you with a +0 dire flail!
The orc warrior hits you with a +0 dire flail!!
You slash the orc warrior!
The orc warrior is heavily wounded.
The orc warrior zaps a wand.
The roots erupt in riotous growth!
The grasping roots grab you!
The orc warrior is unaffected.
The grasping roots constrict you.
* * * LOW HITPOINT WARNING * * *
You barely miss the orc warrior.
The orc warrior is heavily wounded.
The orc warrior hits you with a +0 dire flail!
* * * LOW HITPOINT WARNING * * *
The grasping roots constrict you.
* * * LOW HITPOINT WARNING * * *
Unknown command.
You feel better.
The orc warrior hits you with a +0 dire flail!
You die...

###################
#..................
#..................
#.@≈≈≈≈≈≈≈≈~≈≈≈≈≈≈≈
#.o≈≈≈≈≈≈≈≈~≈≈≈≈≈≈≈
#.)≈≈####.....####≈
#..≈≈#gg#8###8#..#≈
#..≈≈#8g###g###.8#≈
#..≈≈#...........#≈
#.)≈≈###.##'##.###≈
#..≈≈..#g# , #.#..≈
#.)≈≈.##.# #.##.≈


You could see an orc warrior and 3 gnolls.

Vanquished Creatures
  Sigmund (D:6)
  A steam dragon (D:6)
  4 water moccasins
  A sky beast (D:7)
  3 ice beasts
  2 ogres
  A centaur (D:5)
  3 phantoms
  A bullfrog (D:7)
  5 scorpions
  7 killer bees
  A hound (D:6)
  An orc priest (D:7)
  A jelly (D:7)
  3 iguanas
  Crazy Yiuf (D:2)
  Ijyb (D:4)
  5 orc wizards
  Terence (D:2)
  8 mummies (Ossuary)
  4 gnolls (D:4)
  8 adders
  2 ufetubi
  4 dart slugs
  26 orcs
  4 endoplasms
  6 giant cockroaches
  3 goblins
  7 hobgoblins
  2 jackals (D:2)
  3 quokkas
  6 ball pythons
  2 bats
  4 frilled lizards
  2 goblin zombies (D:7)
  3 hobgoblin zombies (Ossuary)
  6 kobolds
  3 kobold zombies (Ossuary)
  2 orc zombies (Ossuary)
  4 rats
152 creatures vanquished.

Vanquished Creatures (others)
  6 plants (D:7)
6 creatures vanquished.

Grand Total: 158 creatures vanquished

Notes
Turn   | Place    | Note
-------+----------+-------------------------------------------
     0 | D:1      | hawla the Meteoran Ice Elementalist began the quest for the
                  | Orb.
     0 | D:1      | Reached XP level 1. HP: 14/14 MP: 5/5
    67 | D:1      | Reached XP level 2. HP: 20/20 MP: 6/6
   358 | D:1      | Reached XP level 3. HP: 22/26 MP: 2/8
   398 | D:1      | Found a faded altar of an unknown god.
   499 | D:1      | Glimpsed the power of Zot.
   532 | D:2      | Learned a level 3 spell: Frozen Ramparts
   542 | D:2      | Found Jirassad's Assorted Antiques.
   582 | D:2      | Noticed Terence
   595 | D:2      | Killed Terence
   596 | D:2      | Reached skill level 5 in Ice Magic
   596 | D:2      | Reached XP level 4. HP: 12/33 MP: 0/10
   598 | D:2      | Found Caback Yguym's Antique Weapon Shoppe.
   630 | D:2      | Found a runed translucent door.
   631 | D:2      | Noticed Crazy Yiuf
   637 | D:2      | Killed Crazy Yiuf
   672 | D:2      | Reached XP level 5. HP: 21/39 MP: 7/12
   693 | D:2      | Identified the +7 war axe "Haeseg" {elec, rC+}
   839 | D:2      | Found Neojy's Weapon Shoppe.
   929 | D:2      | Learned a level 4 spell: Hailstorm
  1100 | D:2      | Glimpsed the power of Zot.
  1139 | D:3      | Noticed an ice beast
  1156 | D:3      | Killed an ice beast
  1157 | D:3      | Reached skill level 6 in Ice Magic
  1157 | D:3      | Reached XP level 6. HP: 22/46 MP: 2/13
  1381 | D:3      | Found a burning altar of Makhleb.
  1570 | D:3      | Found an iron altar of Okawaru.
  1623 | D:3      | Reached XP level 7. HP: 51/51 MP: 10/14
  1691 | D:3      | Glimpsed the power of Zot.
  1742 | D:4      | Reached skill level 5 in Conjurations
  1784 | D:4      | Noticed Ijyb
  1790 | D:4      | Killed Ijyb
  1890 | D:4      | Noticed cdecastro's ghost (amateur MfTm)
  1896 | D:4      | Found a transporter.
  1907 | D:4      | Found a transporter.
  1919 | D:4      | Gained mutation: You expend magic power (3 MP) to
                  | strengthen your wands. [potion of mutation]
  1919 | D:4      | Gained mutation: You possess an exceptional clarity of
                  | mind. [potion of mutation]
  1919 | D:4      | Gained mutation: You are strong-willed. (Will+) [potion of
                  | mutation]
  1936 | D:4      | Reached skill level 1 in Axes
  2223 | D:4      | Reached skill level 1 in Fighting
  2223 | D:4      | Reached skill level 5 in Spellcasting
  2223 | D:4      | Reached XP level 8. HP: 59/59 MP: 9/16
  2304 | D:4      | Glimpsed the power of Zot.
  2354 | D:4      | Glimpsed the power of Zot.
  2387 | D:5      | Entered Level 5 of the Dungeon
  2429 | D:5      | Found a staircase to the Ecumenical Temple.
  2436 | Temple   | Entered the Ecumenical Temple
  2761 | D:5      | Reached skill level 7 in Ice Magic
  3013 | D:5      | Found a shimmering altar of Xom.
  3014 | D:5      | Found an ornate altar of the Wu Jian Council.
  3156 | D:5      | Glimpsed the power of Zot.
  3211 | D:6      | Gained mutation: You passively map the area around you.
                  | [Meteoran growth]
  3211 | D:6      | Reached XP level 9. HP: 63/64 MP: 8/20
  3268 | D:6      | Found a stormy altar of Qazlal.
  3314 | D:6      | Reached skill level 8 in Ice Magic
  3380 | D:6      | Found a sparkling altar of Nemelex Xobeh.
  3618 | D:6      | Noticed Sigmund
  3621 | D:6      | Killed Sigmund
  3728 | D:6      | Found a glowing silver altar of Zin.
  3751 | D:6      | Glimpsed the power of Zot.
  3785 | D:7      | Reached XP level 10. HP: 73/73 MP: 20/23
  3800 | D:7      | Reached skill level 9 in Ice Magic
  3814 | D:7      | Found a transporter.
  3911 | D:7      | Found a transporter.
  3968 | D:7      | Found a sand-covered staircase.
  3984 | Ossuary  | Entered an ossuary
  3990 | Ossuary  | Learned a level 4 spell: Sticky Flame
  4021 | Ossuary  | Reached skill level 1 in Fire Magic
  4325 | D:7      | Found a transporter.
  4329 | D:7      | Identified the ring "Paops" {Fire Int+2 Dex+2}
  4368 | D:7      | Noticed qeuew's ghost (novice DrCj)
  4391 | D:7      | HP: 1/73 [constriction (5)]
  4392 | D:7      | Mangled by an orc warrior

Illustrated notes

Levels and vault maps discovered:
D:1:      amcnicky_arrival_choice, layout_loops_ring,
          chequers_ecumenical_altar_simple_redux
D:2:      layout_loops_ring, serial_shops, shop, shop, shop,
          uniq_crazy_yiuf_cottage, uniq_terence
D:3:      layout_basic, amcnicky_altar_gilded, bloody_makhleb,
          patterned_corridor
D:4:      layout_cave_pods, gammafunk_ghost_arena, serial_park,
          serial_park_avenue1, serial_park_tiny_1, serial_park_square1
          [serial_park_minivault_5x5_8], uniq_ijyb
D:5:      layout_basic, nicolae_overflow_squiral, minmay_temple_entry_glass
D:6:      layout_loops_ring, nemelex_spade_bored_becter, zin_treasury,
          mainiacjoe_overflow_paths, uniq_sigmund
D:7:      gammafunk_cloud_chamber, layout_rooms, gammafunk_ghost_gnarly_gnolls,
          enter_ossuary_4
Temple:   jpeg_temple_island

Skill      XL: |  1  2  3  4  5  6  7  8  9 10 |
---------------+-------------------------------+-----
Spellcasting   | 3 4 5 6 8 |  8.7
Ice Magic      | 5 6 7 8 9 |  9.0
Conjurations   | 2 4 5 6 |  6.0
Axes           | 1 2 4 |  4.7
Fighting       | 1 2 |  2.1
Dodging        | 3 4 |  4.6
Fire Magic     | 4 |  4.3
Stealth        | |  1.4
Evocations     | |  0.6

Action                   |  1- 3 |  4- 6 |  7- 9 | 10-12 || total
-------------------------+-------+-------+-------+-------++-------
Melee: Unarmed           |     3 |       |       |       ||     3
       Staff             |     4 |     2 |       |       ||     6
       War axe           |       |    17 |    51 |    41 ||   109
       Punch             |       |       |     1 |     1 ||     2
 Cast: Freeze            |    34 |     5 |    19 |     1 ||    59
       Frozen Ramparts   |     2 |    19 |    24 |     5 ||    50
       Hailstorm         |       |     3 |    15 |    10 ||    28
       Sticky Flame      |       |       |       |     6 ||     6
Evoke: Wand              |       |     7 |     3 |     3 ||    13
  Use: Potion            |     3 |       |     4 |     1 ||     8
       Scroll            |     1 |       |     6 |       ||     7
 Stab: Sleeping          |     1 |       |       |       ||     1
Armor: Robe              |    10 |    12 |    29 |    10 ||    61
       Skin              |     1 |       |       |       ||     1
Dodge: Dodged            |    15 |    13 |    55 |    26 ||   109
